AoeStats
← TheKushOverlord

Arena

507894608Analyzed
4v4 RM · 13d ago on Sep 20, 2026· 39m 30s· 8 players
Game mode
Random Map
Map size
Large (8 player)
Population
200
Speed
Normal
Resources
Standard
Victory
Conquest
Starting age
Dark Age
Ending age
Imperial Age
RankedLock teamsTeams togetherTeam positionsShared explorationLock speedFull tech treeHidden civsTurbo modeCheats
Victory
Defeat
🇨🇳 Byzantines · China
986
+14
🇭🇰 Ethiopians · Hong Kong SAR China
974
+14
🇨🇳 Franks · China
963
+15
🇦🇷 Goths · Argentina
921
+16
🇺🇸 Britons · United States
984
-17
🇺🇸 Bohemians · United States
951
-15
🇺🇸 Italians · United States
939
-15
🇺🇸 Goths · United States
868
-12
wm_1938
H wont help
0:56 Loom
12:13 Feudal Age
12:42 Double-Bit Axe
20:04 Castle Age
18:16 Fletching
19:48 Padded Archer Armor
20:03 Stone Mining
20:13 Horse Collar
21:20 Town Watch
26:20 Ballistics
29:07 Wheelbarrow
29:27 Heavy Plow
30:41 Gold Mining
31:20 Hand Cart
31:42 Bow Saw
33:04 Thumb Ring
37:28 Imperial Age
35:04 Scale Mail Armor
34:52 Arson
35:33 Murder Holes
35:54 Forging
35:45 Squires
36:37 Gold Shaft Mining
36:14 Masonry
36:23 Leather Archer Armor
35:39 Elite Skirmisher
36:59 Royal Heirs
37:09 Bodkin Arrow
37:59 Town Patrol
39:13 Two-Man Saw
38:31 Chain Mail Armor
39:01 Conscription
38:21 Capped Ram
39:20 Siege Ram
you go die
1:34 Loom
11:43 Feudal Age
12:38 Double-Bit Axe
17:56 Castle Age
16:23 Gold Mining
17:18 Forging
17:18 Stone Mining
19:00 Bow Saw
19:11 Horse Collar
20:13 Heavy Plow
23:39 Wheelbarrow
31:49 Imperial Age
29:08 Town Watch
30:08 Anarchy
30:11 Scale Mail Armor
31:15 Chain Mail Armor
31:35 Iron Casting
31:08 Squires
30:31 Man-at-Arms
33:49 Chemistry
33:10 Ballistics
32:54 Perfusion
33:21 Hand Cart
34:44 Elite Huskarl
36:44 Blast Furnace
35:18 Long Swordsman
TaiwanIsChina's
zYaubolz
0:35 Loom
0:37 Loom
TheKushOverlord
akjamesm49
dewey manning
7:41 Loom
10:03 Feudal Age
12:24 Double-Bit Axe
17:07 Castle Age
15:29 Fletching
18:24 Bow Saw
17:57 Horse Collar
21:12 Padded Archer Armor
25:07 Bodkin Arrow
27:08 Ballistics
27:06 Leather Archer Armor
32:07 Wheelbarrow
31:21 Town Watch
31:19 Treadmill Crane
32:50 Town Patrol
36:18 Imperial Age
34:45 Scale Barding Armor
34:51 Forging
35:08 Husbandry
34:29 Light Cavalry
35:45 Hand Cart
35:42 Masonry
35:43 Fortified Wall
36:40 Gold Mining
36:41 Stone Mining
37:04 Bow Saw
36:55 Heavy Plow
37:11 Bracer
38:24 Conscription
38:37 Architecture
39:09 Chemistry
39:30 Yeomen
39:40 Siege Engineers
Connection lost

Rejoining the realm…

Still unreachable

The connection could not be restored.

Session expired

The server has moved on; the page needs a fresh start.